 Dungeon Crawl Stone Soup version 0.28-a0-643-g84cb2ea78e (webtiles) character file.

Game seed: 3862690288798403324

178 Rennog the Skirmisher (level 5, -7/50 HPs)
             Began as a Minotaur Fighter on Oct 11, 2021.
             Mangled by a shadow (12 damage)
             ... created by the darkness of Dithmenos
             ... on level 3 of the Dungeon.
             The game lasted 00:03:27 (2014 turns).

Rennog the Skirmisher (Minotaur Fighter)            Turns: 2014, Time: 00:03:28

Health: -7/50      AC:  9    Str: 20    XL:     5   Next: 32%
Magic:  4/4        EV:  8    Int:  5    God:
Gold:   61         SH:  4    Dex: 11    Spells: 4/4 levels left

rFire   . . .      SeeInvis .   a - +0 war axe
rCold   . . .      Faith    .   c - +0 buckler
rNeg    . . .      Spirit   .   i - +0 chain mail
rPois   .          Reflect  .   (helmet restricted)
rElec   .          Harm     .   (no cloak)
rCorr   .          Rampage  .   (no gloves)
Will    .....                   (no boots)
Stlth   ..........              (no amulet)
HPRegen 0.16/turn               (no ring)
MPRegen 0.09/turn               (no ring)

@: no status effects
A: horns 2, retaliatory headbutt
a: no special abilities


You were on level 3 of the Dungeon.
You visited 1 branch of the dungeon, and saw 3 of its levels.

You collected 61 gold pieces.

Inventory:

Hand Weapons
 a - a +0 war axe (weapon)
Armour
 b - a +0 scale mail
 c - a +0 buckler (worn)
 e - a +0 tower shield
 i - a +0 chain mail (worn)
Jewellery
 h - a +6 ring of intelligence
Scrolls
 f - a scroll of torment
 j - a scroll of identify
 l - a scroll of immolation
 o - a scroll of teleportation {unknown}
 p - a scroll of blinking {unknown}
 r - a scroll of amnesia {unknown}
Potions
 d - a potion of might
 g - 3 potions of flight {unknown}
 k - a potion of curing {unknown}
 n - 2 potions of degeneration {unknown}
 q - a potion of berserk rage {unknown}


   Skills:
 * Level 5.7 Fighting
 - Level 2.7 Axes
 + Level 4.7 Armour
 + Level 2.5 Dodging
 - Level 3.6 Shields


You had 4 spell levels left.
You didn't know any spells.
Your spell library was empty.

Dungeon Overview and Level Annotations

Branches:
Dungeon (3/15)

Altars:
Dithmenos

Shops:
D:1 ?

Annotations:
D:2 Sigmund


Innate Abilities, Weirdness & Mutations

You have a pair of horns on your head.
You reflexively headbutt those who attack you in melee.


Message History

You kill the adder!
No target in view!
No target in view!
No target in view!
No target in view!
No target in view!
No target in view!
No target in view!
No target in view!
You see here an adder corpse.
There is a stone staircase leading up here.
There is a stone staircase leading up here.
You see here an adder corpse.
r - a scroll labelled PIAW OCRILLI Dithmenos calls forth shadows to punish you.
The divine experience drains your vigour!
You feel yourself slow down.
A shadow demon and 2 shadows come into view.
There are monsters nearby!
There are monsters nearby!
You closely miss the shadow demon.
As you read the scroll labelled QEDWUAN KINIO, it crumbles to dust.
Your body is wracked with pain!
It was a scroll of torment.
The shadow demon hits you!
As you read the scroll labelled RIHIZI JUSIU, it crumbles to dust.
It is a scroll of identify.
l - a scroll of immolation You feel yourself speed up.
The shadow demon hits you!
* * * LOW HITPOINT WARNING * * *
The shadow slips into darkness.
The shadow flickers and vanishes!
Deactivating autopickup; reactivate with Ctrl-A.
The shadow demon hits you but does no damage.
As you read the scroll labelled YTOLYNTIZICE, it crumbles to dust.
You hear a loud clanging noise!
It was a scroll of noise.
You hear a shout!
The shadow strikes at you from the darkness!
You die...

####.#####.####.#. #.
................# #.
####.#####.###### #.
........##.###.# #.
###............# #.
#.....##.###.# #. #.....##.#
#.# #. #.....##.# #.########.
#. #.....##.# #W2@{...... #.
###.####.#####################.
#.##.........................
#.##.#.......................
#.##.########################
#........... ..
########.####### #
................ ..
..........###### ##


You could see a shadow demon and a shadow.

Vanquished Creatures
  An ogre (D:2)
  4 adders
  2 dart slugs
  11 ball pythons
  8 bats
  4 endoplasms
  2 giant cockroaches
  5 goblins
  3 hobgoblins
  3 jackals (D:2)
  A quokka (D:2)
  A frilled lizard (D:1)
  3 kobolds (D:1)
  11 rats
59 creatures vanquished.

Notes
Turn   | Place    | Note
-------+----------+-------------------------------------------
     0 | D:1      | Rennog the Minotaur Fighter began the quest for the Orb.
     0 | D:1      | Reached XP level 1. HP: 19/19 MP: 0/0
   305 | D:1      | Reached XP level 2. HP: 27/27 MP: 1/1
   359 | D:1      | Reached skill level 4 in Fighting
   479 | D:1      | Noticed an eye of devastation
   481 | D:1      | Found a faded altar of an unknown god.
   486 | D:1      | Noticed an eye of devastation
   486 | D:1      | Noticed an eye of devastation
   486 | D:1      | Noticed a shining eye
   522 | D:1      | Prayed at the altar of an unknown god.
   522 | D:1      | Became a worshipper of Dithmenos the Shadowed
   522 | D:1      | Reached * piety under Dithmenos
   523 | D:1      | Fell from the grace of Dithmenos
   577 | D:1      | Found Nuvotee's Magic Scroll Shoppe.
   594 | D:1      | Reached skill level 1 in Dodging
   961 | D:2      | Reached XP level 3. HP: 34/34 MP: 2/2
  1037 | D:2      | Noticed an ogre
  1041 | D:2      | Killed an ogre
  1042 | D:2      | Reached skill level 5 in Fighting
  1042 | D:2      | Reached XP level 4. HP: 42/42 MP: 3/3
  1189 | D:2      | Reached XP level 5. HP: 48/48 MP: 4/4
  1252 | D:2      | Noticed Sigmund
  2011 | D:3      | Noticed a shadow
  2011 | D:3      | Noticed a shadow demon
  2011 | D:3      | Noticed a shadow
  2014 | D:3      | Mangled by a shadow

Illustrated notes

Levels and vault maps discovered:
D:1:      mushboom_english_gardens, layout_basic,
          hellmonk_ecumenical_altar_watching_god, serial_shops, shop
D:2:      layout_loops_ring, uniq_sigmund
D:3:      layout_basic

Skill      XL: |  1  2  3 |
---------------+----------+-----
Fighting       | 4 5 |  5.7
Dodging        | 1 2 |  2.5
Armour         | 4 |  4.7
Axes           | |  2.7
Shields        | |  3.6

Action                   |  1- 3 |  4- 6 || total
-------------------------+-------+-------++-------
Melee: War axe           |    60 |    48 ||   108
       Headbutt          |     6 |    11 ||    17
Invok: Renounce Religion |     1 |       ||     1
  Use: Scroll            |       |     3 ||     3
Armor: Scale mail        |    17 |       ||    17
       Chain mail        |    12 |    49 ||    61
Dodge: Dodged            |    29 |    20 ||    49
Block: Buckler           |    18 |     7 ||    25

Table legend: (Time is in decaauts)
 A = Elapsed time spent in this place.
 B = Non-inter-level travel time spent in this place.
 C = Inter-level travel time spent in this place.
 D = Time resting spent in this place.
 E = Time spent auto-exploring this place.
 F = Levels seen in this place.
 G = Mean time per level.
                   A        B        C        D        E       F      G
               +--------+--------+--------+--------+--------+-----+--------+
         Total |   2057 |   1960 |     97 |     66 |   1480 |   3 |  685.7 |
       Dungeon |   2057 |   1960 |     97 |     66 |   1480 |   3 |  685.7 |
               +--------+--------+--------+--------+--------+-----+--------+

Top non-repeatable levels by time:
     D:1: 1055 daAuts
     D:2: 512 daAuts
     D:3: 489 daAuts
